[Event "Titled Tuesday Blitz March 29 Early 2022"]
[White "Vlassov, Nikolai"]
[Black "Miszler, Levente"]
[WhiteFideId "4103360"]
[BlackFideId "763276"]
[WhiteElo "2572"]
[BlackElo "2414"]
[Result "1/2-1/2"]
[Round "11"]
[TimeControl "180+1"]
[Date "2022.03.30"]
[WhiteClock "0:00:10"]
[BlackClock "0:00:06"]

1. e4 e6 2. d4 d5 3. exd5 exd5 4. Nf3 Nf6 5. c4 Bb4+ 6. Nc3 O-O 7. Bd3 dxc4 8. Bxc4 Nc6 9. O-O Bg4 10. Be3 Bd6 11. h3 Bh5 12. Bg5 Be7 13. Be3 Re8 14. g4 Bg6 15. Ne5 Nxe5 16. dxe5 Ne4 17. f4 Nxc3 18. bxc3 Be4 19. Qb3 Rf8 20. Rad1 Qc8 21. f5 a6 22. f6 gxf6 23. exf6 Bd6 24. Bh6 Bc5+ 25. Kh2 Bd6+ 26. Rxd6 cxd6 27. Bxf8 Qxf8 28. Bd5 Re8 29. Qxb7 Bd3 30. Rd1 Re2+ 31. Kg3 Re3+ 32. Kf2 Rxh3 33. Bg2 Bc2 34. Bxh3 Bxd1 35. Qxa6 d5 36. Qc6 Qb8 37. Bg2 Bxg4 38. Bxd5 h5 39. Qa8 Qxa8 40. Bxa8 Kh7 41. Be4+ Kh6 42. a4 Kg5 43. a5 Bc8 44. Ke3 Kxf6 45. Kf4 Ke6 46. Bf3 Kd6 47. Bxh5 Kc5 48. Bxf7 Kb5 49. Ke5 Kxa5 50. Kd6 Ba6 51. Kc5 Bf1 52. Bc4 Bg2 53. Bd3 Bh3 54. Kd6 Bg2 55. c4 Kb6 56. c5+ Kb7 57. Bc4 Kb8 58. Be6 Bb7 59. Bd5 Bxd5 60. Kxd5 Kc7 61. c6 Kc8 62. Kc5 Kc7 63. Kb5 Kc8 64. Kb6 Kb8 65. Kc5 Kc7 66. Kd5 Kc8 67. Kd6 Kd8 68. c7+ Kc8 69. Kc6 1/2-1/2


[Site "https://www.chess.com"]

[Event "Titled Tuesday Blitz March 29 Early 2022"]
[White "Vusatiuk, Vladimir"]
[Black "Gurevich, Dmitry"]
[WhiteFideId "14118610"]
[BlackFideId "2000407"]
[WhiteElo "2477"]
[BlackElo "2593"]
[Result "0-1"]
[Round "11"]
[TimeControl "180+1"]
[Date "2022.03.30"]
[WhiteClock "0:00:03"]
[BlackClock "0:01:25"]

1. d4 Nf6 2. c4 a6 3. f3 c5 4. d5 d6 5. e4 g6 6. Nc3 Bg7 7. Be3 O-O 8. h4 h5 9. Qd2 e6 10. Bh6 exd5 11. cxd5 b5 12. Bxg7 Kxg7 13. O-O-O b4 14. Nce2 a5 15. g4 hxg4 16. h5 Rh8 17. h6+ Kf8 18. Nf4 gxf3 19. Qc2 Qe7 20. Bd3 a4 21. Nxf3 b3 22. Qb1 a3 23. axb3 a2 24. Qa1 Nbd7 25. Ng5 Ne5 26. Bc2 Nfg4 27. Nfh3 Rxh6 28. Rdf1 Kg7 29. b4 cxb4 30. b3 f6 31. Ne6+ Bxe6 32. dxe6 Ne3 33. Re1 Nxc2 34. Kxc2 Qc7+ 35. Kb2 Qc3# 0-1


[Site "https://www.chess.com"]

[Event "Titled Tuesday Blitz March 29 Early 2022"]
[White "Wu, Sibo"]
[Black "Golubev, Mikhail"]
[WhiteFideId "8606048"]
[BlackFideId "14100983"]
[WhiteElo "2331"]
[BlackElo "2374"]
[Result "0-1"]
[Round "11"]
[TimeControl "180+1"]
[Date "2022.03.30"]
[WhiteClock "0:00:03"]
[BlackClock "0:00:11"]

1. d4 a6 2. Bf4 b5 3. e3 Bb7 4. Nf3 Nf6 5. Bd3 e6 6. c3 c5 7. Nbd2 Nc6 8. h4 Be7 9. h5 h6 10. Qe2 d5 11. Ne5 c4 12. Bc2 b4 13. Ba4 Rc8 14. Ndf3 Ne4 15. Qc2 O-O 16. g4 Qa5 17. Bxc6 Bxc6 18. g5 bxc3 19. Kf1 Ba4 20. b3 cxb3 21. axb3 Qb5+ 22. Kg2 Qxb3 23. Qe2 Qb2 24. Qxa6 Qxf2+ 25. Kh3 Bc2 26. Rh2 Nxg5+ 27. Nxg5 Bf5+ 28. Ng4 Qxh2+ 29. Bxh2 Bxg5 30. Bf4 Bxf4 31. exf4 c2 32. Rc1 Rb8 33. Qa3 Rb1 34. Kh4 Rxc1 35. Qxc1 Rb8 36. Qa3 Rb1 37. Ne5 Rh1+ 38. Kg3 Rh3+ 0-1


[Site "https://www.chess.com"]

[Event "Titled Tuesday Blitz March 29 Early 2022"]
[White "Yanayt, Eugene"]
[Black "Ezat, Mohamed"]
[WhiteFideId "2020165"]
[BlackFideId "10600906"]
[WhiteElo "2388"]
[BlackElo "2570"]
[Result "0-1"]
[Round "11"]
[TimeControl "180+1"]
[Date "2022.03.30"]
[WhiteClock "0:00:26"]
[BlackClock "0:00:40"]

1. d4 Nf6 2. c4 g6 3. Nc3 Bg7 4. e4 d6 5. Nf3 O-O 6. Be2 e5 7. O-O Nc6 8. d5 Ne7 9. Ne1 Nd7 10. Be3 f5 11. f3 f4 12. Bf2 g5 13. a4 Nf6 14. c5 Ng6 15. a5 Rf7 16. cxd6 cxd6 17. Nb5 g4 18. Bxa7 g3 19. Bb6 Qe7 20. h3 Nh5 21. Nc7 Bxh3 22. gxh3 Qh4 23. Ng2 Qxh3 24. Re1 Rxc7 25. Bb5 Rac8 26. Ba4 Rc5 27. Bxc5 Rxc5 28. Qd2 Qh2+ 29. Kf1 Nh4 0-1


[Site "https://www.chess.com"]

[Event "Titled Tuesday Blitz March 29 Early 2022"]
[White "Yang, Kaiqi"]
[Black "Czerw, Dawid"]
[WhiteFideId "8604398"]
[BlackFideId "1145746"]
[WhiteElo "2585"]
[BlackElo "2481"]
[Result "1-0"]
[Round "11"]
[TimeControl "180+1"]
[Date "2022.03.30"]
[WhiteClock "0:00:17"]
[BlackClock "0:00:36"]

1. e4 c5 2. Nc3 g6 3. d4 Bg7 4. d5 d6 5. Nf3 a6 6. a4 Bg4 7. Be2 Bxf3 8. Bxf3 Nd7 9. O-O Ngf6 10. Be2 O-O 11. Bg5 b5 12. axb5 axb5 13. Bxb5 Qb6 14. Bxd7 Nxd7 15. Bxe7 Rfe8 16. Rxa8 Rxa8 17. Qe2 Qxb2 18. Nb5 Ra2 19. Nxd6 Qxc2 20. Qxc2 Rxc2 21. g3 Bd4 22. Nb5 Ne5 23. Nxd4 cxd4 24. Bf6 Nf3+ 25. Kg2 Nd2 26. Ra1 Rc8 27. d6 Nxe4 28. d7 Rb8 29. d8=Q+ Rxd8 30. Bxd8 d3 31. Rd1 d2 32. Ba5 1-0


[Site "https://www.chess.com"]

[Event "Titled Tuesday Blitz March 29 Early 2022"]
[White "Yoo, Christopher Woojin"]
[Black "Manolache, Marius"]
[WhiteFideId "30909694"]
[BlackFideId "1201530"]
[WhiteElo "2105"]
[BlackElo "2389"]
[Result "1-0"]
[Round "11"]
[TimeControl "180+1"]
[Date "2022.03.29"]
[WhiteClock "0:00:02"]
[BlackClock "0:00:12"]

1. e4 c5 2. Nf3 e6 3. c3 Nf6 4. e5 Nd5 5. d4 cxd4 6. cxd4 d6 7. Bc4 Bd7 8. O-O Bc6 9. Bxd5 Bxd5 10. Nc3 dxe5 11. Nxe5 Be7 12. Qh5 O-O 13. Rd1 Nc6 14. Rd3 Nxe5 15. dxe5 g6 16. Qh6 f5 17. Nxd5 exd5 18. Be3 Qd7 19. Rad1 Rfd8 20. h4 Qe6 21. h5 Bf8 22. Qf4 Bg7 23. hxg6 hxg6 24. Bd4 Re8 25. Re1 Rac8 26. Bc3 Rc4 27. Qd2 Rd8 28. Bd4 b6 29. b3 Rc6 30. Rc3 Rdc8 31. Rxc6 Rxc6 32. f4 Bh6 33. Rc1 Bf8 34. Rxc6 Qxc6 35. Kf2 Kf7 36. Ke3 a5 37. g3 Bc5 38. Qc3 Ke6 39. a3 Qb5 40. a4 Qf1 41. Bxc5 bxc5 42. Qxa5 d4+ 43. Kd2 Qf2+ 44. Kd1 Qf1+ 45. Kc2 Qf2+ 46. Qd2 Qxg3 47. a5 Qf3 48. a6 Qc6 49. Qd3 Kd5 50. Qf3+ 1-0


[Site "https://www.chess.com"]

[Event "Titled Tuesday Blitz March 29 Early 2022"]
[White "Zemlyanskii, Ivan"]
[Black "Ilyasli, Ughur"]
[WhiteFideId "24249971"]
[BlackFideId "13416197"]
[WhiteElo "2558"]
[BlackElo "2476"]
[Result "1-0"]
[Round "11"]
[TimeControl "180+1"]
[Date "2022.03.30"]
[WhiteClock "0:01:12"]
[BlackClock "0:00:16"]

1. d4 Nf6 2. c4 g6 3. Nc3 Bg7 4. e4 d6 5. Nf3 O-O 6. Be2 e5 7. O-O Nc6 8. Be3 exd4 9. Nxd4 Re8 10. f3 Ne5 11. Qd2 c6 12. Rfd1 d5 13. cxd5 cxd5 14. Nb3 Be6 15. exd5 Bf5 16. Bf2 a5 17. d6 a4 18. Nc5 a3 19. bxa3 b6 20. Nb3 Nfd7 21. Rac1 Rxa3 22. Nb5 Ra4 23. Nc7 Rf8 24. Bb5 Ra3 25. Bf1 h5 26. Nd5 Kh7 27. Ne7 Nf6 28. Nxf5 gxf5 29. Qg5 Ng6 30. Qxf5 Rxa2 31. d7 Bh6 32. Rc2 Qe7 33. Rxa2 Rd8 34. Re2 Qa3 35. Qxf6 Qxb3 36. Qxd8 Qxd1 37. Qe8 Bg5 38. Qxf7+ Kh6 39. Re6 Qb1 40. Rxg6+ Qxg6 41. Qxg6+ Kxg6 42. Bxb6 Kf7 43. d8=Q Bxd8 44. Bxd8 Kg6 45. Bh4 Kf5 46. Kf2 Kf4 47. Bd3 Ke5 48. Bg6 Kf4 49. Bxh5 Ke5 50. Bg4 Kf4 51. Bg3+ Kg5 52. h4+ Kh6 53. Kg1 Kg6 54. Kh2 Kh6 55. Kh3 Kg7 56. f4 Kh6 57. Bf3 Kg6 58. Bf2 Kf5 59. g4+ Kxf4 60. Bg3+ Kxf3 61. h5 Ke4 62. h6 Kd5 63. h7 Ke6 64. h8=Q Kf7 65. Qh7+ Kf6 66. Bf4 Ke6 67. Qf5+ Ke7 68. Qg6 Kf8 69. Bd6# 1-0


[Site "https://www.chess.com"]

[Event "Titled Tuesday Blitz March 29 Early 2022"]
[White "Zhao, Jun"]
[Black "Gaehwiler, Gabriel"]
[WhiteFideId "8602522"]
[BlackFideId "1314530"]
[WhiteElo "2547"]
[BlackElo "2383"]
[Result "1-0"]
[Round "11"]
[TimeControl "180+1"]
[Date "2022.03.29"]
[WhiteClock "0:00:04"]
[BlackClock "0:00:05"]

1. Nf3 Nf6 2. g3 b6 3. Bg2 Bb7 4. O-O g6 5. c4 Bg7 6. Nc3 O-O 7. d4 Ne4 8. Nxe4 Bxe4 9. b3 c5 10. Bb2 Nc6 11. e3 d5 12. Qe2 cxd4 13. exd4 Rc8 14. Rfd1 Qd7 15. Ne5 Nxe5 16. dxe5 Bxg2 17. Kxg2 e6 18. cxd5 exd5 19. Rd2 Rfe8 20. Rad1 d4 21. Rxd4 Qc6+ 22. Rd5 f6 23. Qe4 fxe5 24. Re1 Re6 25. Re2 Rce8 26. h4 Qc7 27. a4 Qf7 28. Red2 Rf6 29. Bxe5 Rfe6 30. f4 Bxe5 31. fxe5 R6e7 32. Rf2 Qe6 33. Re2 Qf7 34. b4 Qe6 35. b5 Rf7 36. Rd6 Qe7 37. Qd5 Kh8 38. Rd2 Qf8 39. Rd8 Rfe7 40. Rxe8 Qxe8 41. Re2 Re6 42. Qd4 Qe7 43. Qe4 Kg7 44. Qd5 Qf7 45. Qd4 Qe7 46. Qe4 Qe8 47. Qf4 Qf7 48. Qxf7+ Kxf7 49. Kf3 Re7 50. Ke4 Rc7 51. Kd5 Ke7 52. Rf2 Rc5+ 53. Kd4 Rc2 54. Rf6 Ra2 55. Rc6 Rxa4+ 56. Kd5 Rb4 57. Rc7+ Kd8 58. Rxh7 Rxb5+ 59. Kd6 Ke8 60. e6 Kf8 61. e7+ Kg8 62. e8=Q+ Kxh7 63. Qxb5 1-0


[Site "https://www.chess.com"]

[Event "Titled Tuesday Blitz March 29 Early 2022"]
[White "parintele_chess"]
[Black "Bintang, Rasyid A. Hidayat"]
[BlackFideId "7105355"]
[WhiteElo "2262"]
[BlackElo "2375"]
[Result "0-1"]
[Round "11"]
[TimeControl "180+1"]
[Date "2022.03.30"]
[WhiteClock "0:00:05"]
[BlackClock "0:01:41"]

1. e4 d5 2. exd5 Nf6 3. Nf3 Nxd5 4. d4 Bg4 5. Be2 e6 6. O-O Nc6 7. c4 Nb6 8. Be3 Be7 9. Nc3 O-O 10. d5 exd5 11. cxd5 Nb4 12. h3 Bf5 13. Bxb6 axb6 14. a3 Na6 15. Bd3 Bg6 16. Bxg6 hxg6 17. Re1 Nc5 18. b4 Bf6 19. Nd4 Bxd4 20. Qxd4 Nb3 21. Qg4 Nxa1 22. Rxa1 Qf6 23. Rc1 Qf5 24. Qxf5 gxf5 25. Nb5 Rfd8 26. Rxc7 Rxd5 27. Nc3 Rd3 28. Nb5 Rd5 29. Nc3 Re5 30. Rxb7 Rxa3 31. Rc7 Rb3 32. b5 Rc5 33. Rxc5 bxc5 34. Nd5 c4 35. Ne3 c3 36. Kf1 Rxb5 37. Ke2 f4 38. Nc2 Rd5 39. Nb4 Rd2+ 40. Ke1 Rb2 41. Nd3 Rb1+ 42. Ke2 Rb2+ 43. Kd1 Rd2+ 0-1